 Dungeon Crawl Stone Soup version 0.29-a0-334-gb41bcbb86e (webtiles) character file.

Game seed: 8150983572592472943

709 Jortsu the Cleaver (level 7, -2/61 HPs)
             Began as a Hill Orc Fighter on Apr 14, 2022.
             Was an Initiate of Beogh.
             Slain by a steam dragon (6 damage)
             ... on level 4 of the Dungeon.
             The game lasted 00:06:09 (3565 turns).

Jortsu the Cleaver (Hill Orc Fighter)               Turns: 3565, Time: 00:06:10

Health: -2/61      AC: 19    Str: 21    XL:     7   Next: 68%
Magic:  7/7        EV:  3    Int:  8    God:    Beogh [......]
Gold:   83         SH:  4    Dex: 10    Spells: 6/6 levels left

rFire   . . .      SeeInvis .   a - +0 war axe
rCold   . . .      Faith    .   c - +0 buckler
rNeg    . . .      Spirit   .   h - +1 crystal plate armour
rPois   .          Reflect  .   (no helmet)
rElec   .          Harm     .   (no cloak)
rCorr   .          Rampage  .   (no gloves)
Will    .....                   f - +0 pair of boots
Stlth   ..........              (no amulet)
HPRegen 0.20/turn               (no ring)
MPRegen 0.10/turn               (no ring)

@: no status effects
A: no striking features
a: Renounce Religion


You were on level 4 of the Dungeon.
You worshipped Beogh.
Beogh was noncommittal.
You visited 1 branch of the dungeon, and saw 5 of its levels.

You collected 191 gold pieces.
You spent 108 gold pieces at shops.

Inventory:

Hand Weapons
 a - a +0 war axe (weapon)
Missiles
 i - 2 throwing nets (quivered)
Armour
 c - a +0 buckler (worn)
 f - a +0 pair of boots (worn)
 h - a +1 crystal plate armour (worn)
Wands
 b - a wand of polymorph (6)
Scrolls
 g - a scroll of blinking
 m - a scroll of identify
 n - a scroll of immolation {unknown}
Potions
 d - 2 potions of might
 e - 2 potions of curing
 j - 2 potions of berserk rage
 k - 3 potions of brilliance
 l - a potion of heal wounds {unknown}


   Skills:
 + Level 5.2 Fighting
 + Level 8.0 Axes
 + Level 5.2 Armour
 + Level 0.3 Dodging
 + Level 4.6 Shields


You had 6 spell levels left.
You didn't know any spells.
Your spell library contained the following spells:

 Spells                   Type           Power      Damage    Failure   Level
 Dazzling Flash           Conj/Hex       0%         N/A       100%        3
 Ozocubu's Armour         Ice            0%         N/A       100%        3
 Iskenderun's Mystic Bla  Conj/Tloc      0%         2d3       100%        4
 Starburst                Conj/Fire      0%         6d3       100%        6
 Ozocubu's Refrigeration  Ice            0%         4d5       100%        7


Dungeon Overview and Level Annotations

Branches:
Dungeon (5/15)
 Temple: D:4-7

Altars:

Shops:
D:4 *


Message History

You kill the adder!
Beogh accepts your kill. The steam dragon breathes steam at you.
The ball of steam hits you.
You are engulfed in a cloud of scalding steam.
You block the steam dragon's attack. x2
You slash the steam dragon!
The steam dragon is moderately wounded.
You are engulfed in a cloud of scalding steam.
The steam dragon bites you but does no damage.
The steam dragon claws you.
You closely miss the steam dragon.
The steam dragon is moderately wounded.
You are engulfed in a cloud of scalding steam.
The steam dragon bites you but does no damage.
The steam dragon claws you but does no damage.
You slash the steam dragon!
The steam dragon is severely wounded.
An endoplasm comes into view.
The steam dragon breathes steam at you. The ball of steam hits you.
You hit the steam dragon but do no damage.
The steam dragon is severely wounded.
You are engulfed in a cloud of scalding steam.
The steam dragon bites you but does no damage.
You block the steam dragon's attack.
You hit the steam dragon.
The steam dragon is almost dead.
The steam dragon breathes steam at you. The ball of steam hits you!
* * * LOW HITPOINT WARNING * * *
The steam dragon bites you.
* * * LOW HITPOINT WARNING * * *
The steam dragon claws you.
* * * LOW HITPOINT WARNING * * *
You hit the steam dragon but do no damage.
The steam dragon is almost dead.
You are engulfed in a cloud of scalding steam.
The steam dragon bites you.
You die...

###### #....# #####
#....###...##############
.....(.....§..§§@D.......
#....###...######....###
#....# #...# #.....#
#....# #...# #..J..#
#....###...# ......#
#..........# .......#
#.........## ........#
#....†....# ........#
#####)....# #........#


You could see a steam dragon (catching breath) and an endoplasm.

Vanquished Creatures
  Pargi (D:4)
  A phantom (D:4)
  4 wights (D:2)
  A hound (D:2)
  A jelly (D:2)
  An orc wizard (D:3)
  Natasha (thrice) (D:3)
  8 adders
  4 gnolls (D:2)
  3 worms (D:2)
  A dart slug (D:1)
  7 orcs (D:3)
  9 endoplasms
  2 giant cockroaches
  5 goblins
  4 hobgoblins
  2 jackals (D:3)
  5 kobolds
  3 quokkas
  5 ball pythons
  3 bats
  4 frilled lizards
  3 rats
  A spectral kobold (D:3)
81 creatures vanquished.

Vanquished Creatures (others)
  An orc priest (D:4)
  An orc wizard (D:4)
  An adder (D:4)
  2 orcs (D:4)
  A kobold (D:4)
6 creatures vanquished.

Grand Total: 87 creatures vanquished

Notes
Turn   | Place    | Note
-------+----------+-------------------------------------------
     0 | D:1      | Jortsu the Hill Orc Fighter began the quest for the Orb.
     0 | D:1      | Reached XP level 1. HP: 19/19 MP: 1/1
     0 | D:1      | Noticed an iron dragon
     0 | D:1      | Noticed a tentacled monstrosity
     3 | D:1      | Noticed a tentacled monstrosity
     3 | D:1      | Noticed an ice dragon
     5 | D:1      | Noticed an orb of fire
     6 | D:1      | Noticed a shadow dragon
     7 | D:1      | Noticed an ice dragon
     9 | D:1      | Noticed a tentacled monstrosity
    11 | D:1      | Noticed a large abomination
    11 | D:1      | Noticed an iron dragon
    13 | D:1      | Noticed a large abomination
    13 | D:1      | Noticed an iron dragon
    15 | D:1      | Noticed a tentacled monstrosity
    15 | D:1      | Noticed a tentacled monstrosity
    15 | D:1      | Noticed a purple draconian
    17 | D:1      | Noticed a red draconian
    19 | D:1      | Noticed a black draconian
    19 | D:1      | Noticed an orb of fire
    93 | D:1      | Reached XP level 2. HP: 21/27 MP: 2/2
   260 | D:1      | Reached skill level 3 in Axes
   835 | D:2      | Reached XP level 3. HP: 29/33 MP: 3/3
  1116 | D:2      | Identified the -4 helmet of the Armadillo {Dex+2 Stlth+}
  1242 | D:2      | Reached skill level 4 in Axes
  1360 | D:2      | Reached XP level 4. HP: 40/40 MP: 4/4
  1663 | D:2      | Reached skill level 5 in Axes
  1663 | D:2      | Reached XP level 5. HP: 38/46 MP: 5/5
  1957 | D:2      | Reached skill level 6 in Axes
  1957 | D:2      | Reached XP level 6. HP: 40/53 MP: 6/6
  2233 | D:3      | Noticed Natasha
  2251 | D:3      | Killed Natasha
  2258 | D:3      | Reached skill level 7 in Axes
  2258 | D:3      | Reached XP level 7. HP: 17/60 MP: 7/7
  2269 | D:3      | Noticed Natasha
  2505 | D:3      | Killed Natasha
  2570 | D:3      | Found a faded altar of an unknown god.
  2633 | D:3      | You fall into a shaft and drop 2 floors!
  2633 | D:5      | Entered Level 5 of the Dungeon
  2642 | D:4      | Became a worshipper of Beogh the Brigand
  2646 | D:4      | Noticed Pargi
  2664 | D:4      | Killed Pargi
  2665 | D:4      | Reached skill level 5 in Fighting
  2665 | D:4      | Reached skill level 5 in Armour
  2814 | D:4      | Found Caumu's Assorted Antiques.
  2833 | D:4      | Bought a scroll labelled MURISA BYUTA for 27 gold pieces
  2833 | D:4      | Bought a scroll labelled UZEL DOLEDO for 27 gold pieces
  2833 | D:4      | Bought a scroll of identify for 54 gold pieces
  2885 | D:3      | Noticed Natasha
  2896 | D:3      | Killed Natasha
  3537 | D:4      | Noticed a steam dragon
  3554 | D:4      | Reached skill level 8 in Axes
  3564 | D:4      | HP: 3/61 [steam dragon (3)]
  3565 | D:4      | Slain by a steam dragon

Illustrated notes

Levels and vault maps discovered:
D:1:      shiori_arrival_whats_in_store_for_you, layout_loops_ring
D:2:      layout_rooms
D:3:      layout_rooms, dreamdust_ecumenical_altar_drowned_temple, uniq_natasha
D:4:      layout_basic, serial_shops, shop_coins, uniq_pargi, uniq_menkaure
D:5:      gammafunk_wand_slinger, layout_loops_corners, minmay_gold_behind_fungi

Skill      XL: |  1  2  3  4  5  6  7 |
---------------+----------------------+-----
Axes           | 3 4 5 6 7 8 |  8.0
Fighting       | 4 5 |  5.2
Armour         | 4 5 |  5.2
Shields        | 4 |  4.6
Dodging        | |  0.3

Action                   |  1- 3 |  4- 6 |  7- 9 || total
-------------------------+-------+-------+-------++-------
Melee: War axe           |    70 |    98 |   107 ||   275
Invok: Convert to Beogh  |       |       |     1 ||     1
  Use: Scroll            |     5 |       |     5 ||    10
Armor: Scale mail        |    33 |       |       ||    33
       Crystal plate arm |     3 |   144 |   106 ||   253
Dodge: Dodged            |    29 |    20 |    20 ||    69
Block: Buckler           |    14 |    45 |    27 ||    86

Table legend: (Time is in decaauts)
 A = Elapsed time spent in this place.
 B = Non-inter-level travel time spent in this place.
 C = Inter-level travel time spent in this place.
 D = Time resting spent in this place.
 E = Time spent auto-exploring this place.
 F = Levels seen in this place.
 G = Mean time per level.
                   A        B        C        D        E       F      G
               +--------+--------+--------+--------+--------+-----+--------+
         Total |   3649 |   3565 |     84 |   1051 |   1656 |   5 |  729.8 |
       Dungeon |   3649 |   3565 |     84 |   1051 |   1656 |   5 |  729.8 |
               +--------+--------+--------+--------+--------+-----+--------+

Top non-repeatable levels by time:
     D:2: 1719 daAuts
     D:3: 778 daAuts
     D:1: 739 daAuts
     D:4: 404 daAuts
     D:5: 7 daAuts
